 Dungeon Crawl Stone Soup version 0.26-a0-591-g04f19ec95a (webtiles) character file.

Game seed: 8609293017433774767

108 GeoCrane the Chopper (level 4, -2/39 HPs)
             Began as a Minotaur Fighter on Aug 24, 2020.
             Slain by a gnoll
             ... wielding a +0 flail
              (5 damage)
             ... on level 2 of the Dungeon.
             The game lasted 00:03:12 (1120 turns).

GeoCrane the Chopper (Minotaur Fighter)             Turns: 1120, Time: 00:03:13

Health: -2/39      AC:  6    Str: 21    XL:     4   Next: 58%
Magic:  3/3        EV:  7    Int:  5    God:
Gold:   36         SH:  9    Dex: 10    Spells: 3/3 levels left

rFire    . . .     SeeInvis .   a - +0 war axe
rCold    . . .     Faith    .   c - +0 kite shield
rNeg     . . .     Spirit   .   b - +0 scale mail
rPois    .         Reflect  .   (helmet restricted)
rElec    .         Harm     .   (no cloak)
rCorr    .                      (no gloves)
MR       .....                  (no boots)
Stlth    ..........             (no amulet)
HPRegen  0.13/turn              (no ring)
MPRegen  0.08/turn              (no ring)

@: no status effects
A: retaliatory headbutt, horns 2
a: no special abilities


You were on level 2 of the Dungeon.
You visited 1 branch of the dungeon, and saw 2 of its levels.

You collected 36 gold pieces.

Inventory:

Hand Weapons
 a - a +0 war axe (weapon)
Armour
 b - a +0 scale mail (worn)
 c - a +0 kite shield (worn)
Scrolls
 e - a scroll of remove curse {unknown}
 f - a scroll of random uselessness {unknown}
 h - a scroll of blinking {unknown}
Potions
 d - 2 potions of might
 g - 3 potions of brilliance {unknown}
 i - a potion of curing {unknown}


   Skills:
 - Level 3.6 Fighting
 + Level 5.9 Axes
 - Level 3.6 Armour
 - Level 3.6 Shields


You had 3 spell levels left.
You didn't know any spells.
Your spell library was empty.

Dungeon Overview and Level Annotations

Branches:
Dungeon (2/15)

Altars:


Innate Abilities, Weirdness & Mutations

You reflexively headbutt those who attack you in melee.
You have a pair of horns on your head.


Message History

The hobgoblin hits you but does no damage. x2
You closely miss the hobgoblin. You headbutt the hobgoblin.
You kill the hobgoblin!
You closely miss the gnoll. The gnoll barely misses you.
You hit the gnoll.
The gnoll is moderately wounded.
The gnoll hits you with a +0 flail.
* * * LOW HITPOINT WARNING * * *
You hit the gnoll.
The gnoll is moderately wounded.
The gnoll hits you with a +0 flail.
* * * LOW HITPOINT WARNING * * *
You closely miss the gnoll.
The gnoll is moderately wounded.
The gnoll hits you with a +0 flail!
* * * LOW HITPOINT WARNING * * *
Your shield and scale mail prevent you from hitting the gnoll.
The gnoll is moderately wounded.
The gnoll hits you with a +0 flail.
You die...

#.# ..#.# #.#.# #.#.#
#.#.##### #.#.#...# .
#.#.#.#.### ...
#.#...#...######....P
#####.).#.###...@g...P♣
........#......####...PP
#####.#.###....# .....
...#......### ####
..#.###....#
#..#......### #.
###....# #. ?..###


You could see a gnoll.

Vanquished Creatures
  6 gnolls (D:2)
  An adder (D:2)
  2 leopard geckos
  3 bats
  A giant cockroach (D:1)
  7 goblins
  8 hobgoblins
  3 kobolds
  A quokka (D:2)
  A ball python (D:2)
  3 frilled lizards
  5 rats
41 creatures vanquished.

Vanquished Creatures (others)
  7 plants (D:2)
7 creatures vanquished.

Grand Total: 48 creatures vanquished

Notes
Turn   | Place    | Note
-------+----------+-------------------------------------------
     0 | D:1      | GeoCrane the Minotaur Fighter began the quest for the Orb.
     0 | D:1      | Reached XP level 1. HP: 19/19 MP: 0/0
   163 | D:1      | Reached skill level 3 in Axes
   180 | D:1      | Reached XP level 2. HP: 26/26 MP: 1/1
   650 | D:1      | Reached skill level 4 in Axes
   850 | D:2      | Reached XP level 3. HP: 30/31 MP: 2/2
   853 | D:2      | Reached skill level 5 in Axes
  1014 | D:2      | Reached XP level 4. HP: 39/39 MP: 3/3
  1120 | D:2      | Slain by a gnoll

Illustrated notes

Levels and vault maps discovered:
D:1:      dpeg_arrival_morbid_curiosity, layout_loops_ring, serial_park_tiny_1
D:2:      layout_basic, serial_forest, infiniplex_forest_lined_room_2,
          infiniplex_forest_lined_2, infiniplex_forest_straight_1,
          infiniplex_forest_clump_double, infiniplex_forest_end_3,
          infiniplex_forest_clump_curved, infiniplex_forest_lined_1,
          hangedman_abyss_or_decor_stabs, roderic_serpentine_path

Skill      XL: |  1  2  3 |
---------------+----------+-----
Axes           | 3 4 5 |  5.9
Fighting       | |  3.6
Armour         | |  3.6
Shields        | |  3.6

Action                   |  1- 3 |  4- 6 || total
-------------------------+-------+-------++-------
Melee: War axe           |    69 |    24 ||    93
       Headbutt          |     8 |     5 ||    13
Armor: Scale mail        |    30 |     7 ||    37
Dodge: Dodged            |    20 |     5 ||    25
Block: Kite shield       |    32 |     9 ||    41

Table legend: (Time is in decaauts)
 A = Elapsed time spent in this place.
 B = Non-inter-level travel time spent in this place.
 C = Inter-level travel time spent in this place.
 D = Time resting spent in this place.
 E = Time spent auto-exploring this place.
 F = Levels seen in this place.
 G = Mean time per level.
                   A        B        C        D        E       F      G
               +--------+--------+--------+--------+--------+-----+--------+
         Total |   1153 |   1043 |    110 |      0 |    809 |   2 |  576.5 |
       Dungeon |   1153 |   1043 |    110 |      0 |    809 |   2 |  576.5 |
               +--------+--------+--------+--------+--------+-----+--------+

Top non-repeatable levels by time:
     D:1: 815 daAuts
     D:2: 338 daAuts
